 Dungeon Sprint DCSS version 0.24-a0-246-gb963c9a (webtiles) character file.

Game seed: 14152879621962829505

193 MikeHunt the Covert (level 5, -7/21 HPs)
             Began as a Felid Enchanter on Apr 12, 2019.
             Was an Initiate of Nemelex Xobeh.
             Killed from afar by a deep elf mage (28 damage)
             ... with a bolt of lightning
             ... in the Dungeon (Sprint III: "The Ten Rune Challenge").
             The game lasted 00:03:58 (466 turns).

MikeHunt the Covert (Felid Enchanter)                Turns: 466, Time: 00:03:59

Health: -7/21      AC:  4    Str:  4    XL:     5   Next: 44%
Magic:  14/14      EV: 18    Int: 14    God:    Nemelex Xobeh [......]
Gold:   27         SH:  0    Dex: 19    Spells: 9/15 levels left
                                        Lives:  0   Deaths: 1

rFire    . . .     SeeInvis +     - Unarmed
rCold    . . .     Gourm    .   (shield unavailable)
rNeg     . . .     Faith    .   (armour unavailable)
rPois    .         Spirit   .   (helmet unavailable)
rElec    .         Reflect  .   (cloak unavailable)
rCorr    .         Harm     .   (gloves unavailable)
MR       .....     NoTele   +   (boots unavailable)
Stlth    +++++.....             (no amulet)
HPRegen  0.07/turn              (no ring)
MPRegen  0.14/turn              (no ring)

@: quick
A: very small, no armour, no weapons or thrown items, stealth, claws 1, fangs 3,
molten scales 1, see invisible, carnivore, dopey 1, speed 1, sense surroundings
1, shaggy fur 2, slow metabolism 1, subdued magic 1, sharp paws
a: Draw Escape, Draw Destruction, Draw Summoning, Renounce Religion


You were in the Dungeon.
You worshipped Nemelex Xobeh.
Nemelex Xobeh was noncommittal.
You were not hungry.

You visited 1 branch You collected 27 gold pieces.

Inventory:

Scrolls
 h - a scroll of blinking
 i - a scroll of holy word {unknown}
 j - 3 scrolls of identify
 k - a scroll of remove curse {unknown}
 m - a scroll of torment {unknown}
 n - a scroll of fog {unknown}
Potions
 c - a potion of curing
 d - a potion of heal wounds
 e - a potion of haste
 f - 2 potions of magic
 g - 4 potions of mutation
 l - 2 potions of flight
Miscellaneous
 a - a lightning rod (1/4)
Comestibles
 b - 4 rations


   Skills:
 - Level 2.6 Dodging
 - Level 11.3 Stealth
 - Level 7.6 Unarmed Combat
 - Level 5.6 Spellcasting
 - Level 9.9 Hexes
 - Level 1.7 Ice Magic
 + Level 0.0 Invocations
 + Level 0.0 Evocations


You had 9 spell levels left.
You knew the following spells:

 Your Spells              Type           Power        Failure   Level  Hunger
a - Confuse               Hex            ###.....     1%          3    ###....
e - Corona                Hex            ###....      1%          1    None
r - Ensorcelled Hibernat  Hex/Ice        ###...       1%          2    ##.....

Your spell library contained the following spells:

 Spells                   Type           Power        Failure   Level  Hunger
 Tukima's Dance           Hex            ###.....     1%          3    ###....
 Dazzling Spray           Conj/Hex       ##....       4%          3    ###....


Dungeon Overview and Level Annotations

Branches:
Dungeon (1/1)

Altars:
Cheibriados
Elyvilon
Fedhas
Gozag
Hepliaklqana
Makhleb
Nemelex Xobeh
Qazlal
Xom
Zin
The Shining One
Jiyva
Lugonu


Innate Abilities, Weirdness & Mutations

You cannot wear armour.
You are incapable of wielding weapons or throwing items.
Your paws allow you to move quietly. (Stealth)
You have sharp claws.
You have razor-sharp teeth.
You have supernaturally acute eyesight. (SInv)
You are carnivorous and can eat meat at any time.
You cover ground quickly.
You are covered in thick fur. (AC +2)
You have a slow metabolism.
Your sharp claws are effective at attacking unaware monsters.
You are partially covered in molten scales. (AC +2)
You are dopey. (Int -2)
You passively map a small area around you.
Your spells are a little easier to cast, but a little less powerful.


Message History

The deep elf mage points at you and mumbles some strange words.
The bolt of lightning hits you!!
Ouch! That really hurt!
You die...
The bolt of lightning hits you!!
You are now level 5!
You rejoin the land of the living...
Evoke which item? (* to show all) (? for menu, Esc to quit)
Okay, then.
Evoke which item? (* to show all) (? for menu, Esc to quit)
Aiming: Thunderbolt
Press: ? - help, Shift-Dir - straight line, f/p - deep elf mage
Aim: a deep elf mage, wielding a +0 long sword of holy wrath (heavily wounded, hasn't noticed you)
The thunderbolt hits the deep elf mage.
The deep elf mage is severely wounded.
The deep elf mage gestures at you while chanting.
The bolt of lightning hits you!!
Ouch! That really hurt!
You die...
Your body disappears without a glow.

▓▓▓▓▓▓▓▓▓▓▓ ▓▓▓ <.#..'....♣♣♣
♣.##### * * ..#..#......♣
♣.#___# * * #'####....♣♣♣
♣.#§..#__, , ..÷..#....≈.♣♣
♣.###†#+###+##,
.....#...≈≈♣.♣♣♣.#..........#
....E#..≈≈≈≈.♣.♣.'.e........# *
####+#..≈≈≈≈≈≈♣.@#...######'#
....)#.≈≈≈≈≈≈....#.⌠.#__#...#
.....#.≈≈≈≈≈.....#...#__#...#,,
.....#.≈≈≈.......#+###__#...# ≈
'#####...........# #__#...+ *,
.................#__ #__'...#
▓▓▓▓▓▓▓▓▓▓▓▓▓▓▓▓▓▓ * ▓▓▓▓▓▓▓▓ *
, ≈ * + +


You could see a deep elf mage.

Vanquished Creatures
  A shadow (D)
  A spatial vortex (D)
  A jelly (D)
  Jessica (D)
  A human (D)
  A wolf (D)
  An ooze (D)
  2 rats (D)
9 creatures vanquished.

Vanquished Creatures (others)
  2 draconian scorchers (D)
  6 hellions (D)
  A yaktaur (D)
  An electric eel (D)
  3 plants (D)
13 creatures vanquished.

Grand Total: 22 creatures vanquished

Notes
Turn   | Place    | Note
-------+----------+-------------------------------------------
     0 | D        | MikeHunt the Felid Enchanter began the quest for the Orb.
     0 | D        | Reached XP level 1. HP: 7/7 MP: 4/4
     6 | D        | Reached skill level 5 in Stealth
    15 | D        | Noticed Jessica
    17 | D        | Killed Jessica
    17 | D        | Reached skill level 7 in Stealth
    17 | D        | Reached XP level 2. HP: 11/11 MP: 6/6
    17 | D        | Reached XP level 3. HP: 14/14 MP: 7/7
    32 | D        | Learned a level 2 spell: Ensorcelled Hibernation
    71 | D        | Reached skill level 1 in Ice Magic
    73 | D        | Killed a yaktaur
    90 | D        | Killed a hellion
    90 | D        | Killed a hellion
    90 | D        | Killed a hellion
    91 | D        | Killed a hellion
   111 | D        | Reached skill level 8 in Stealth
   111 | D        | Reached skill level 5 in Hexes
   120 | D        | Killed a hellion
   134 | D        | Killed a hellion
   137 | D        | Gained mutation: Your spells are a little easier to cast,
                  | but a little less powerful. [potion of mutation]
   137 | D        | Gained mutation: You passively map a small area around you.
                  | [potion of mutation]
   137 | D        | Gained mutation: You are dopey. (Int -2) [potion of
                  | mutation]
   137 | D        | Gained mutation: You are partially covered in molten
                  | scales. (AC +2) [potion of mutation]
   154 | D        | Noticed a water elemental
   282 | D        | Killed a white draconian scorcher
   365 | D        | Learned a level 3 spell: Confuse
   385 | D        | Killed a white draconian scorcher
   417 | D        | Noticed a shadow
   419 | D        | Killed a shadow
   419 | D        | Reached skill level 10 in Stealth
   419 | D        | Reached XP level 4. HP: 18/18 MP: 8/11
   419 | D        | Reached XP level 5. HP: 21/21 MP: 8/12
   428 | D        | Found a blossoming altar of Fedhas.
   428 | D        | Found a stormy altar of Qazlal.
   428 | D        | Found a snail-covered altar of Cheibriados.
   428 | D        | Found a burning altar of Makhleb.
   428 | D        | Found a shimmering altar of Xom.
   429 | D        | Found a hazy altar of Hepliaklqana.
   429 | D        | Found an opulent altar of Gozag.
   429 | D        | Found a sparkling altar of Nemelex Xobeh.
   429 | D        | Found a corrupted altar of Lugonu.
   429 | D        | Found a viscous altar of Jiyva.
   429 | D        | Noticed a spatial vortex
   432 | D        | Killed a spatial vortex
   432 | D        | Reached skill level 11 in Stealth
   432 | D        | Reached skill level 5 in Spellcasting
   432 | D        | Gained mutation: You are covered in thick fur. (AC +2)
                  | [Felid growth]
   432 | D        | Reached XP level 6. HP: 24/24 MP: 9/15
   434 | D        | Became a worshipper of Nemelex Xobeh the Trickster
   457 | D        | Found a glowing silver altar of Zin.
   458 | D        | Found a glowing golden altar of the Shining One.
   458 | D        | Found a white marble altar of Elyvilon.
   458 | D        | Noticed a deep elf mage
   460 | D        | Killed from afar by a deep elf mage
   461 | D        | Reached XP level 5. HP: -11/21 MP: 12/14
   466 | D        | Killed from afar by a deep elf mage

Levels and vault maps discovered:
D:        dungeon_sprint_mu [sprint_mu_entry_forest, sprint_mu_temple_rooms,
          sprint_mu_d1_horrors, sprint_mu_d2_genie, sprint_mu_d3_branching,
          sprint_mu_orc_legion, sprint_mu_elf_gauntlet, sprint_mu_hive_nellie,
          sprint_mu_lair_fedhas, sprint_mu_vaults_butterflies,
          sprint_mu_slime_circle, sprint_mu_swamp_cave, sprint_mu_snake_twists,
          sprint_mu_blade_basic, sprint_mu_crypt_chambers,
          sprint_mu_tomb_spiral, sprint_mu_vestibule_basic,
          sprint_mu_gehenna_hellfire, sprint_mu_dis_giant,
          sprint_mu_tartarus_statrot, sprint_mu_cocytus_islands, sprint_mu_zot1]

Skill      XL: |  1  2  3  4  5 |
---------------+----------------+-----
Stealth        | 7 10 11 | 11.3
Unarmed Combat | 4 6 7 |  7.6
Ice Magic      | 1 |  1.7
Hexes          | 8 9 |  9.9
Spellcasting   | 4 5 |  5.6
Dodging        | |  2.6

Action                   |  1- 3 |  4- 6 || total
-------------------------+-------+-------++-------
Melee: Unarmed           |    10 |     2 ||    12
 Cast: Ensorcelled Hiber |     2 |       ||     2
Evoke: Lightning rod     |       |     3 ||     3
  Use: Potion            |     2 |       ||     2
 Stab: Sleeping          |     4 |     2 ||     6
       Distracted        |     1 |       ||     1
  Eat: Chunk             |     2 |       ||     2
Dodge: Dodged            |     6 |       ||     6

Table legend:
 A = Non-vault XP
 B = Vault XP
 C = Vault XP percentage of total XP
 D = Non-vault monster count
 E = Vault monster count
 F = Vault count percentage of total count
                 A         B        C        D         E       F
            +---------+---------+-------+---------+---------+-------
      Total |       0 |     536 | 100.0 |       0 |       9 | 100.0
            +---------+---------+-------+---------+---------+-------
          D |       0 |     536 | 100.0 |       0 |       9 | 100.0
            +---------+---------+-------+---------+---------+-------
